 Dungeon Crawl Stone Soup version 0.31.0-9-g3a7656b989 (webtiles) character file.

Game seed: 16193961388896665572

168 qw the Skirmisher (level 5, -16/29 HPs)
             Began as a Deep Elf Hunter on Feb 3, 2024.
             Was an Initiate of Okawaru.
             Demolished by a sleepcap (20 damage)
             ... on level 4 of the Dungeon.
             The game lasted 00:00:10 (2697 turns).

qw the Skirmisher (Deep Elf Hunter)                 Turns: 2697, Time: 00:00:11

Health: -16/29     AC: 10    Str: 10    XL:     5   Next: 23%
Magic:  7/7        EV:  2    Int: 14    God:    Okawaru [......]
Gold:   53         SH:  0    Dex: 18    Spells: 4/4 levels left

rFire   . . .        a - +0 shortbow
rCold   . . .        (shield currently unavailable)
rNeg    . . .        c - +0 leather armour
rPois   .            (no helmet)
rElec   .            (no cloak)
rCorr   .            g - +2 pair of gloves
SInv    .            (no boots)
Will    .....        (no amulet)
Stlth   ++           b - +4 ring of protection
HPRegen 0.24/turn    (no ring)
MPRegen 0.10/turn

%: no passive effects
@: sleeping
A: no striking features
a: Renounce Religion


You were on level 4 of the Dungeon.
You worshipped Okawaru.
Okawaru was noncommittal.
You visited 1 branch of the dungeon, and saw 4 of its levels.

You collected 131 gold pieces.
You spent 78 gold pieces at shops.


   Skills:
 - Level 1.5 Fighting
 + Level 8.7 Ranged Weapons
 - Level 2.4 Dodging
 - Level 1.2 Stealth


You had 4 spell levels left.
You didn't know any spells.
Your spell library was empty.

Inventory:

Hand Weapons
 a - a +0 shortbow (weapon)
Armour
 c - a +0 leather armour (worn)
 g - a +2 pair of gloves (worn)
Jewellery
 b - a +4 ring of protection (left hand)

Dungeon Overview and Level Annotations

Branches:
Dungeon (4/15)
 Temple: D:4-7

Altars:
Ashenzari
Cheibriados
Dithmenos
Okawaru
Qazlal
Wu Jian
Zin
The Shining One

Shops:
D:2 ?[(*


Message History

The sleepcap is severely damaged.
The sleepcap barely misses you.
You shoot an arrow.
The arrow hits the sleepcap but does no damage.
The sleepcap is severely damaged.
The sleepcap releases spores at you.
You are engulfed in a cloud of soporific spores!
You fall asleep.
The sleepcap releases spores at you!!
You wake up.
Ouch! That really hurt!
You shoot an arrow.
The arrow hits the sleepcap but does no damage.
The sleepcap is heavily damaged.
The sleepcap releases spores at you but does no damage.
You shoot an arrow.
The arrow hits the sleepcap but does no damage.
The sleepcap is heavily damaged.
You hear the rusting of a very distant drain.
The sleepcap releases spores at you.
You shoot an arrow.
The arrow hits the sleepcap but does no damage.
The sleepcap is heavily damaged.
The sleepcap barely misses you.
You shoot an arrow.
The arrow hits the sleepcap but does no damage.
The sleepcap is heavily damaged.
The sleepcap closely misses you.
You shoot an arrow.
The arrow hits the sleepcap but does no damage.
The sleepcap is heavily damaged.
The sleepcap completely misses you.
You shoot an arrow. The arrow hits the sleepcap!
The sleepcap is almost destroyed.
The sleepcap releases spores at you.
You are engulfed in a cloud of soporific spores!
You fall asleep.
The sleepcap releases spores at you but does no damage.
The sleepcap releases spores at you!!
Ouch! That really hurt!
You die...

#.#### #..... #.#### #.#
#.# #.# ####### #.#
......>############.#
.......@............#
######f#################
#J #.......# #.
##.####.# .. #.#..... ..
#.##.#.# ... #.##.#.#
##. #.##.#.# #.##.#.#


You could see a sleepcap and an endoplasm.

Vanquished Creatures
  A howler monkey (D:4)
  An orc wizard (D:3)
  4 adders
  A dart slug (D:1)
  A ribbon worm (D:2)
  2 orcs (D:3)
  5 endoplasms
  2 giant cockroaches
  3 goblins
  4 hobgoblins
  3 jackals (D:2)
  7 quokkas
  11 ball pythons
  4 bats
  5 frilled lizards
  8 kobolds
  3 rats
65 creatures vanquished.

Notes
Turn   | Place    | Note
-------+----------+-------------------------------------------
     0 | D:1      | qw the Deep Elf Hunter began the quest for the Orb.
     0 | D:1      | Reached XP level 1. HP: 12/12 MP: 3/3
     0 | D:1      | 0 ||| qw: Version: 0.3-a-155-g5e7d8dd
     0 | D:1      | 0 ||| qw: Game counter: 2973
     0 | D:1      | 0 ||| qw: Melee chars always use a shield: true
     0 | D:1      | 0 ||| qw: God list: Okawaru
     0 | D:1      | 0 ||| qw: Allow faded altars: false
     0 | D:1      | 0 ||| qw: Do Orc after clearing Dungeon:15 true
     0 | D:1      | 0 ||| qw: Do second Lair branch before Depths: true
     0 | D:1      | 0 ||| qw: Lair rune preference: random
     0 | D:1      | 0 ||| qw: Goals: Normal
     0 | D:1      | 0 ||| PLANNING D:1-11
   260 | D:1      | Reached skill level 6 in Ranged Weapons
   260 | D:1      | Reached XP level 2. HP: 16/16 MP: 4/4
   861 | D:1      | 861 ||| READING scroll labelled INIYSA FAVUMA.
   862 | D:1      | 862 ||| DRINKING 2 bubbling blue potions.
   863 | D:1      | 863 ||| DROPPING scroll of butterflies.
   864 | D:1      | 864 ||| DROPPING potion of degeneration.
   869 | D:2      | 869 ||| STAIRDANCE
   876 | D:1      | Reached XP level 3. HP: 20/20 MP: 5/5
   878 | D:2      | 878 ||| STAIRDANCE
   962 | D:2      | Found Kutremur's General Store.
   976 | D:2      | 976 ||| SHOPLISTING +2 pair of gloves (165 gold, have 71).
   976 | D:2      | 976 ||| BUYING scroll of identify (20 gold).
   976 | D:2      | Bought a scroll of identify for 20 gold pieces
   976 | D:2      | 976 ||| BUYING scroll of teleportation (30 gold).
   976 | D:2      | Bought a scroll of teleportation for 30 gold pieces
   976 | D:2      | 976 ||| SHOPLISTING scroll of teleportation (30 gold, have
                  | 21).
   997 | D:2      | Found Gayff's Weapon Boutique.
  1000 | D:2      | Reached skill level 7 in Ranged Weapons
  1006 | D:2      | Found Qothabyumn's Antique Armour Shop.
  1036 | D:2      | 1036 ||| SHOPLISTING glowing ring mail (168 gold, have 31).
  1036 | D:2      | 1036 ||| SHOPLISTING masterwork ice dragon scales (1560
                  | gold, have 31).
  1036 | D:2      | 1036 ||| SHOPLISTING runed scarf (192 gold, have 31).
  1036 | D:2      | 1036 ||| SHOPLISTING scale mail (96 gold, have 31).
  1036 | D:2      | 1036 ||| SHOPLISTING slimy robe (136 gold, have 31).
  1126 | D:2      | Found Nimoloan's Magic Scroll Shoppe.
  1129 | D:2      | 1129 ||| SHOPLISTING scroll of enchant weapon (105 gold,
                  | have 31).
  1129 | D:2      | 1129 ||| BUYING scroll of identify (28 gold).
  1129 | D:2      | Bought a scroll of identify for 28 gold pieces
  1129 | D:2      | 1129 ||| SHOPLISTING scroll of identify (28 gold, have 3).
  1129 | D:2      | 1129 ||| SHOPLISTING scroll of teleportation (42 gold, have
                  | 3).
  1255 | D:2      | Reached XP level 4. HP: 25/25 MP: 6/6
  1279 | D:2      | Found a faded altar of an unknown god.
  1293 | D:2      | Identified the +5 short sword of Iramuki {freeze, Str+4}
  1376 | D:2      | Found Rof Viud's Magic Scroll Shoppe.
  1416 | D:2      | 1416 ||| UPGRADING to +2 pair of gloves.
  1421 | D:2      | 1421 ||| UPGRADING to +4 ring of protection.
  1422 | D:2      | 1422 ||| READING 3 scrolls of identify.
  1422 | D:2      | 1422 ||| IDENTIFYING fuming coppery potion
  1423 | D:2      | 1423 ||| DROPPING potion of magic.
  1622 | D:3      | 1622 ||| FLEEEEING.
  1625 | D:3      | 1625 ||| FLEEEEING.
  1626 | D:3      | 1626 ||| FLEEEEING.
  1627 | D:3      | 1627 ||| FLEEEEING.
  1628 | D:3      | 1628 ||| FLEEEEING.
  1629 | D:3      | 1629 ||| FLEEEEING.
  1630 | D:3      | 1630 ||| FLEEEEING.
  1742 | D:3      | Found a broken altar of Ashenzari.
  1742 | D:3      | Found a shadowy altar of Dithmenos.
  1742 | D:3      | Found a glowing silver altar of Zin.
  1864 | D:3      | 1864 ||| FLEEEEING.
  1865 | D:3      | 1865 ||| FLEEEEING.
  1866 | D:3      | 1866 ||| FLEEEEING.
  1867 | D:3      | 1867 ||| FLEEEEING.
  1868 | D:3      | 1868 ||| FLEEEEING.
  1869 | D:3      | 1869 ||| FLEEEEING.
  1870 | D:3      | 1870 ||| FLEEEEING.
  1871 | D:3      | 1871 ||| DRINKING murky puce potion.
  1881 | D:3      | Reached skill level 8 in Ranged Weapons
  1908 | D:3      | Noticed an orc warrior
  1914 | D:3      | HP: 2/25 [orc warrior/+0 battleaxe (6)]
  1915 | D:3      | 1915 ||| READING 2 scrolls of teleportation.
  2298 | D:3      | Found an iron altar of Okawaru.
  2299 | D:3      | 2299 ||| PLANNING OKAWARU WORSHIP
  2299 | D:3      | 2299 ||| READING 2 scrolls of identify.
  2299 | D:3      | 2299 ||| IDENTIFYING scroll labelled RUTEULU XESHISM
  2300 | D:3      | 2300 ||| DROPPING scroll of fog.
  2302 | D:3      | Found a stormy altar of Qazlal.
  2305 | D:3      | Found a snail-covered altar of Cheibriados.
  2307 | D:3      | Found an ornate altar of the Wu Jian Council.
  2308 | D:3      | Became a worshipper of Warmaster Okawaru
  2309 | D:3      | 2309 ||| PLANNING D:1-11
  2312 | D:3      | Found a glowing golden altar of the Shining One.
  2408 | D:3      | 2408 ||| READING scroll of identify.
  2408 | D:3      | 2408 ||| IDENTIFYING scroll labelled OLEKHL DIURR
  2409 | D:3      | 2409 ||| DROPPING scroll of noise.
  2431 | D:3      | HP: 5/25 [orc warrior/+0 battleaxe (9)]
  2432 | D:3      | 2432 ||| READING scroll of teleportation.
  2541 | D:4      | 2541 ||| PLANNING SEWER
  2649 | D:4      | Reached XP level 5. HP: 29/29 MP: 7/7
  2689 | D:4      | HP: 4/29 [sleepcap (19)]
  2695 | D:4      | HP: 4/29 [sleepcap (1)]
  2697 | D:4      | Demolished by a sleepcap

Levels and vault maps discovered:
D:1:      mrwooster_arrival_arrow, layout_loops_corners
D:2:      layout_rooms, ebering_ecumenical_altar_sacrificial, serial_shops,
          nicolae_shop_back_alley_shop, shop, nicolae_shop_advertising_works
          [nicolae_subvault_shop_adworks], nicolae_shop_rolled_up, shop
D:3:      layout_basic, nicolae_overflow_hallway_of_the_gods,
          serial_bayou_pond_b
D:4:      layout_basic, gup_sewer_entry_glass, uniq_edmund

Skill      XL: |  1  2  3  4 |
---------------+-------------+-----
Ranged Weapons | 6 7 8 |  8.7
Fighting       | |  1.5
Dodging        | |  2.4
Stealth        | |  1.2

Action                     |  1- 3 |  4- 6 || total
---------------------------+-------+-------++-------
   Fire: Shortbow          |   130 |    90 ||   220
    Use: Scroll            |     1 |     5 ||     6
         Potion            |     1 |     1 ||     2
 Armour: Leather armour    |    24 |    33 ||    57
  Dodge: Dodged            |    45 |    23 ||    68

Table legend:
 A = Non-vault XP
 B = Vault XP
 C = Vault XP percentage of total XP
 D = Non-vault monster count
 E = Vault monster count
 F = Vault count percentage of total count
                 A         B        C        D         E       F
            +---------+---------+-------+---------+---------+-------
      Total |     232 |       8 |   3.3 |      61 |       4 |   6.2
            +---------+---------+-------+---------+---------+-------
        D:1 |      51 |       0 |   0.0 |      25 |       0 |   0.0
        D:2 |      50 |       0 |   0.0 |      21 |       0 |   0.0
        D:3 |      78 |       8 |   9.3 |      13 |       4 |  23.5
        D:4 |      53 |       0 |   0.0 |       2 |       0 |   0.0
            +---------+---------+-------+---------+---------+-------
